 Dungeon Crawl Stone Soup version 0.28-b1-25-g9875b3fc8c (webtiles) character file.

Game seed: 980427242899530106

450 croobank the Chopper (level 7, -4/90 HPs)
             Began as a Hill Orc Cinder Acolyte on Jan 31, 2022.
             Was a High Priest of Ignis.
             Slain by a water moccasin (6 damage)
             ... on level 5 of the Dungeon.
             The game lasted 00:19:21 (5468 turns).

croobank the Chopper (Hill Orc Cinder Acolyte)      Turns: 5468, Time: 00:19:22

Health: -4/90      AC:  2    Str: 17    XL:     7   Next: 4%
Magic:  7/10       EV: 11    Int: 16    God:    Ignis [*****.]
Gold:   138        SH:  0    Dex:  6    Spells: 4/10 levels left

rFire   + . .      SeeInvis .   a - +2 short sword (venom)
rCold   . . .      Faith    .   (no shield)
rNeg    + . .      Spirit   .   m - +0 robe
rPois   .          Reflect  .   (no helmet)
rElec   .          Harm     +   B - scarf {harm}
rCorr   .          Rampage  .   (no gloves)
Will    .....                   (no boots)
Stlth   ..........              (no amulet)
HPRegen 0.25/turn               r - ring of flight
MPRegen 0.12/turn               z - ring of positive energy

@: berserking, lethally poisoned (-4 -> -5), wereblooded (expiring), flying,
very quick
A: no striking features
a: Renounce Religion, Fiery Armour, Foxfire Swarm, Rising Flame


You were on level 5 of the Dungeon.
You worshipped Ignis.
Ignis was extremely pleased with you.
You visited 1 branch of the dungeon, and saw 5 of its levels.

You collected 216 gold pieces.
You spent 78 gold pieces at shops.

Inventory:

Hand Weapons
 a - a +2 short sword of venom (weapon)
 b - a +0 hunting sling
 l - a +1 dagger of holy wrath
 p - a +2 vampiric dagger
 s - a -1 hand axe of flaming
Missiles
 d - 69 arrows
 f - 14 bolts
 h - 139 stones (quivered)
 u - 18 sling bullets
Armour
 m - a +0 robe (worn)
 n - a +0 scale mail
 v - a +0 leather armour
 B - a scarf of harm (worn)
Jewellery
 r - a ring of flight (left hand)
 z - a ring of positive energy (right hand)
Wands
 k - a wand of acid (1)
Scrolls
 e - a scroll of teleportation
 i - a scroll of vulnerability {unknown}
 j - a scroll of fog {unknown}
 o - 2 scrolls of magic mapping
 q - a scroll of fear
 t - a scroll of immolation {unknown}
 w - a scroll of noise {unknown}
 x - a scroll of acquirement {unknown}
 y - a scroll of enchant weapon {unknown}
 A - a scroll of amnesia
 C - a scroll of identify
Potions
 c - a potion of brilliance


   Skills:
 + Level 4.6 Fighting
 + Level 1.8 Short Blades
 + Level 6.1 Axes
 + Level 1.1 Dodging
 + Level 0.4 Stealth
 + Level 2.1 Spellcasting
 + Level 0.1 Hexes
 + Level 1.0 Transmutations
 + Level 4.9 Fire Magic


You had 4 spell levels left.
You knew the following spells:

 Your Spells              Type           Power      Damage    Failure   Level
a - Scorch                Fire           34%        2d6       4%          2
b - Slow                  Hex            8%         N/A       19%         1
c - Beastly Appendage     Tmut           10%        N/A       13%         1
d - Wereblood             Tmut           5%         N/A       21%         2

Your spell library contained the following spells:

 Spells                   Type           Power      Damage    Failure   Level
 Sting                    Tmut/Pois      12%        1d3       17%         1
 Poisonous Vapours        Pois/Air       2%         N/A       30%         2
 Spider Form              Tmut/Pois      3%         N/A       45%         3
 Confusing Touch          Hex            2%         N/A       50%         3
 Vampiric Draining        Necr           1%         2d6       52%         3
 Olgreb's Toxic Radiance  Pois           1%         N/A       90%         4


Dungeon Overview and Level Annotations

Branches:
Dungeon (5/15)
 Temple: D:4-7

Altars:
Uskayaw
Zin

Shops:
D:3 [=?


Message History

The howler monkey is moderately wounded.
The howler monkey barely misses you.
Your magical contamination has completely faded away.
You puncture the howler monkey!
You feel a bit better.
You kill the howler monkey!
The water moccasin bites you!
You are poisoned.
The water moccasin poisons you!
Your Transmutations skill increases to level 1!
You have reached level 7!
You barely miss the water moccasin.
You feel very sick. The water moccasin barely misses you.
You closely miss the water moccasin.
You howl as the wereblood boils in your veins!
You feel sick. The water moccasin bites you. The water moccasin misses you.
You puncture the water moccasin!
The water moccasin is moderately wounded.
You feel sick. The water moccasin bites you.
You barely miss the water moccasin.
The water moccasin is moderately wounded.
You feel sick. The water moccasin bites you!
You puncture the water moccasin!
The water moccasin is severely wounded.
You feel sick. The water moccasin bites you!
* * * LOW HITPOINT WARNING * * *
The water moccasin barely misses you.
You howl as the wereblood boils in your veins!
You feel sick.
You feel sick. The water moccasin misses you.
You hit the water moccasin.
The water moccasin is almost dead.
Your primal bloodlust is almost over.
You feel sick. The water moccasin bites you!
* * * LOW HITPOINT WARNING * * *
A red film seems to cover your vision as you go berserk!
You feel yourself moving faster!
You feel mighty!
* * * LOW HITPOINT WARNING * * *
You feel sick. The water moccasin bites you.
You die...

#..#
#.............
#..#####.......#.#
..................
.....####.......#
....#. ##.....##
..... .# ##...##
##.######.
####........
#.@.........
#S#######.#. #h# #
#.# #.# #.#
..h.......$..h.
#.####..###.###
...#


You could see a water moccasin and a black bear.

Vanquished Creatures
  A scorpion (D:4)
  A howler monkey (D:5)
  2 hounds (D:5)
  2 bullfrog skeletons
  Terence (D:2)
  3 orc wizards (D:4)
  3 adders
  4 gnolls (D:4)
  An ufetubus (D:4)
  2 adder skeletons (D:4)
  2 worms
  2 dart slugs
  7 orcs
  3 bats
  3 endoplasms
  2 giant cockroaches
  3 goblins
  3 hobgoblins
  8 kobolds
  A quokka (D:3)
  3 ball pythons
  2 frilled lizards
  5 rats
64 creatures vanquished.

Notes
Turn   | Place    | Note
-------+----------+-------------------------------------------
     0 | D:1      | croobank the Hill Orc Cinder Acolyte began the quest for
                  | the Orb.
     0 | D:1      | Reached XP level 1. HP: 19/19 MP: 2/2
   449 | D:1      | Reached XP level 2. HP: 21/27 MP: 3/3
   452 | D:1      | Learned a level 2 spell: Scorch
   999 | D:1      | Found a faded altar of an unknown god.
  1130 | D:1      | Learned a level 1 spell: Slow
  1728 | D:2      | Reached XP level 3. HP: 33/33 MP: 1/4
  1820 | D:2      | Noticed Terence
  1879 | D:2      | Killed Terence
  2575 | D:2      | Reached skill level 5 in Axes
  2584 | D:2      | Reached XP level 4. HP: 25/40 MP: 5/5
  2883 | D:3      | Found Leocefer's Armour Shop.
  2909 | D:3      | Learned a level 1 spell: Beastly Appendage
  2928 | D:3      | Noticed a +0 dagger
  2929 | D:3      | Noticed a +0 falchion
  2929 | D:3      | Noticed a +0 spear
  2929 | D:3      | Noticed a +0 dagger
  2930 | D:3      | Noticed a +0 short sword
  2930 | D:3      | Noticed a +0 falchion
  2931 | D:3      | Noticed a +0 short sword
  2931 | D:3      | Noticed a +0 spear
  2953 | D:3      | Found a hide-covered altar of Uskayaw.
  3163 | D:3      | Found Loruiry's Magic Scroll Shop.
  3169 | D:3      | Noticed a black bear
  3170 | D:3      | Bought a scroll of teleportation for 36 gold pieces
  3170 | D:3      | Bought a scroll of fear for 42 gold pieces
  3270 | D:3      | Found Konten's Jewellery Shop.
  3527 | D:4      | Reached XP level 5. HP: 46/46 MP: 4/6
  3597 | D:4      | Reached skill level 6 in Axes
  4022 | D:4      | Learned a level 2 spell: Wereblood
  4269 | D:4      | Reached skill level 1 in Short Blades
  4271 | D:4      | Reached XP level 6. HP: 34/52 MP: 8/8
  4663 | D:4      | Found a glowing silver altar of Zin.
  4857 | D:5      | Entered Level 5 of the Dungeon
  5143 | D:5      | Reached skill level 1 in Dodging
  5446 | D:5      | Noticed a black bear
  5452 | D:5      | Noticed a water moccasin
  5460 | D:5      | Reached skill level 1 in Transmutations
  5460 | D:5      | Reached XP level 7. HP: 45/60 MP: 6/10
  5467 | D:5      | HP: 2/60 [water moccasin (10)]
  5468 | D:5      | Slain by a water moccasin

Illustrated notes

Levels and vault maps discovered:
D:1:      dpeg_arrival_central, layout_loops_corners,
          ebering_ecumenical_altar_rust
D:2:      layout_basic, serial_corexii_hall, corexii_hall_statues_deadend,
          chequers_hall_statues_corner_a, uniq_terence
D:3:      layout_basic, nicolae_uskayaw_en_pointe, serial_shops,
          nicolae_diamond_shop, shop, nicolae_square_shop, nicolae_diamond_shop
D:4:      layout_basic, mainiacjoe_overflow_brackets, supply_closet_lemuel
D:5:      layout_loops_ring

Skill      XL: |  1  2  3  4  5  6 |
---------------+-------------------+-----
Fighting       | 4 |  4.6
Axes           | 5 6 |  6.1
Fire Magic     | 4 |  4.9
Short Blades   | 1 |  1.8
Spellcasting   | 2 |  2.1
Dodging        | 1 |  1.1
Transmutations | 1 |  1.0
Stealth        | |  0.4
Hexes          | |  0.1

Action                   |  1- 3 |  4- 6 |  7- 9 || total
-------------------------+-------+-------+-------++-------
Melee: Hand axe          |    68 |    30 |       ||    98
       Kick              |       |     4 |       ||     4
       Headbutt          |       |     4 |       ||     4
       Short sword       |       |    80 |     6 ||    86
       Punch             |       |     1 |       ||     1
 Cast: Scorch            |    10 |    24 |       ||    34
       Slow              |       |     6 |       ||     6
       Beastly Appendage |       |     3 |       ||     3
       Wereblood         |       |     2 |       ||     2
Evoke: Wand              |     1 |       |       ||     1
  Use: Scroll            |     3 |     2 |       ||     5
       Potion            |     1 |     2 |     1 ||     4
Armor: Robe              |    12 |    12 |       ||    24
Dodge: Dodged            |    36 |    61 |     4 ||   101
